 Dungeon Crawl Stone Soup version 0.22-a0-812-g4c1e2d5471 (webtiles) character file.

2645 KristianNielsen the Carver (level 9, -5/55 HPs)
             Began as a Gargoyle Fighter on July 23, 2018.
             Was an Initiate of the Shining One.
             Slain by a two-headed ogre
             ... wielding a +0 giant spiked club
              (27 damage)
             ... on level 9 of the Dungeon.
             The game lasted 00:46:38 (8783 turns).

KristianNielsen the Carver (Gargoyle Fighter)       Turns: 8783, Time: 00:46:38

Health: -5/55      AC: 19    Str: 25    XL:     9   Next: 62%
Magic:  11/11      EV:  6    Int: 10    God:    the Shining One [......]
Gold:   610        SH: 11    Dex: 12    Spells: 1/10 levels left

rFire    . . .     SeeInvis +   r - +5 falchion
rCold    + . .     Gourm    .   c - +0 shield
rNeg     + . .     Faith    .   s - +0 chain mail
rPois    ∞         Spirit   .   J - +1 helmet
rElec    +         Reflect  .   (no cloak)
rCorr    .         Harm     .   (no gloves)
MR       .....                  (no boots)
Stlth    ..........             E - amulet of magic regeneration
HPRegen  0.18/turn              w - ring of Gociu {rF+ Str+3 Dex+3 SInv}
MPRegen  0.37/turn              p - ring of ice

@: glowing
A: negative energy resistance 1, electricity resistance, unbreathing,
petrification resistance, rot immunity, AC +6
a: Renounce Religion


You were on level 9 of the Dungeon.
You worshipped the Shining One.
The Shining One was noncommittal.
You were not hungry.

You visited 2 branches of the dungeon, and saw 10 of its levels.
You also visited: Ossuary.

You collected 610 gold pieces.

Inventory:

Hand Weapons
 h - a +0 arbalest
 r - a +5 falchion (weapon)
Missiles
 t - 90 bolts
 v - 4 tomahawks of returning
 y - 6 javelins of penetration (quivered)
Armour
 c - a +0 shield (worn)
 s - a +0 chain mail (worn)
 J - a +1 helmet (worn)
Jewellery
 p - a ring of ice (right hand)
 w - the ring of Gociu (left hand) {rF+ Str+3 Dex+3 SInv}
   (You found it on level 4 of the Dungeon)

   [ring of see invisible]

   It affects your strength (+3).
   It affects your dexterity (+3).
   It protects you from fire.
   It lets you see invisible.
 E - an amulet of magic regeneration (around neck)
Wands
 u - a wand of acid (6)
Scrolls
 b - a scroll of blinking {unknown}
 j - 2 scrolls of magic mapping
 k - a scroll of enchant armour {unknown}
 l - a scroll of identify
 o - a scroll of fear {unknown}
 z - a scroll of remove curse
 C - a scroll of immolation {unknown}
 G - 4 scrolls of enchant weapon
 H - 2 scrolls of amnesia {unknown}
 K - 2 scrolls of fog {unknown}
Potions
 a - 2 potions of degeneration {unknown}
 d - 2 potions of might
 e - 3 potions of flight {unknown}
 g - 2 potions of heal wounds {unknown}
 i - 2 potions of cancellation {unknown}
 m - 4 potions of brilliance
 n - a potion of invisibility {unknown}
 x - 3 potions of lignification {unknown}
 A - a potion of magic {unknown}
 B - 2 potions of mutation {unknown}
 D - a potion of haste
 F - 2 potions of berserk rage {unknown}
 I - 3 potions of agility {unknown}
Comestibles
 f - 12 rations


   Skills:
 - Level 6.0 Fighting
 + Level 8.1 Long Blades
 - Level 7.3 Armour
 - Level 6.0 Shields
 + Level 1.4 Spellcasting
 * Level 1.3 Summonings
 + Level 1.8 Invocations


You had one spell level left.
You knew the following spells:

 Your Spells              Type           Power        Failure   Level  Hunger
a - Dragon's Call         Summ           #.........   100%        9    #######

Your spell library contained the following spells:

 Spells                   Type           Power        Failure   Level  Hunger
 Cause Fear               Hex            #.........   100%        4    #####..
 Bolt of Fire             Conj/Fire      #.........   100%        6    #######
 Dragon Form              Tmut           #.........   100%        7    #######
 Flame Tongue             Conj/Fire      #....        99%         1    ##.....


Dungeon Overview and Level Annotations

Branches:
Dungeon (9/15)             Temple (1/1) D:7
   Lair: D:8-11         Orc: D:9-12

Altars:
Ashenzari
Cheibriados
Dithmenos
Elyvilon
Fedhas
Gozag
Hepliaklqana
Kikubaaqudgha
Makhleb
Nemelex Xobeh
Okawaru
Qazlal
Sif Muna
Trog
Uskayaw
Vehumet
Wu Jian
Xom
Yredelemnul
Zin
The Shining One

Annotations:
D:2 1 runed door
D:7 3 runed doors, Bergy's ghost, novice GrFi
D:8 Pikel


Innate Abilities, Weirdness & Mutations

You are resistant to torment.
Your stone body is resilient. (AC +6)
You are immune to poison.
You resist negative energy. (rN+)
You are resistant to electric shocks. (rElec)
You can survive without breathing.
You are immune to petrification.
You are immune to rotting.


Message History

You hit the two-headed ogre.
The two-headed ogre is lightly wounded.
The bullfrog hits you but does no damage.
The howler monkey hits you but does no damage.
The bullfrog completely misses you.
You riposte.
You slash the bullfrog!
The bullfrog is heavily wounded.
The two-headed ogre closely misses you.
You riposte.
You hit the two-headed ogre.
The two-headed ogre is lightly wounded.
You block the two-headed ogre's attack. The orc hits you but does no damage.
You hit the two-headed ogre.
The two-headed ogre is moderately wounded.
The howler monkey hoots and howls with incredible vigour!
The bullfrog hits you but does no damage.
You block the howler monkey's attack.
You hit the two-headed ogre.
The two-headed ogre is moderately wounded.
You block the bullfrog's attack. The orc hits you but does no damage.
The two-headed ogre hits you with a giant spiked club!!
You die...

#######+###
#.........#
+.........#
#..o...)..#
#..@O.()(.#
#.F.h.....#
#.........#
#..[......#
#.........#
###+#######


You could see a two-headed ogre, a bullfrog, a howler monkey and an orc.

Vanquished Creatures
  A hippogriff (D:7)
  A wyvern (D:7)
  Duvessa (D:6)
  A slave (D:7)
  3 ogres
  3 centaurs
  Blork the orc (D:6)
  2 big kobolds
  A bullfrog (D:6)
  Dowan (D:6)
  3 scorpions
  3 howler monkeys
  2 gnoll shamans
  3 orc priests
  A centaur skeleton (D:4)
  2 hounds
  A jelly (D:7)
  10 orc wizards
  An iguana (D:7)
  4 worker ants
  A hound skeleton (D:7)
  8 mummies (Ossuary)
  8 gnolls
  9 adders
  2 shadow imps
  5 oozes
  7 worms
  4 dart slugs
  5 leopard geckos
  27 orcs
  6 giant cockroaches
  6 goblins
  9 hobgoblins
  5 jackals
  6 quokkas
  10 bats
  4 frilled lizards
  3 gnoll zombies (Ossuary)
  4 hobgoblin zombies (Ossuary)
  11 kobolds
  A kobold zombie (Ossuary)
  A quokka zombie (D:6)
  3 rats
  A spectral orc (D:4)
191 creatures vanquished.

Notes
Turn   | Place    | Note
-------+----------+-------------------------------------------
     0 | D:1      | KristianNielsen the Gargoyle Fighter began the quest for the Orb.
     0 | D:1      | Reached XP level 1. HP: 14/14 MP: 1/1
   230 | D:1      | Reached skill level 2 in Long Blades
   230 | D:1      | Reached XP level 2. HP: 16/19 MP: 2/2
   402 | D:1      | Reached XP level 3. HP: 20/23 MP: 3/3
  1028 | D:2      | Reached XP level 4. HP: 27/29 MP: 4/4
  1111 | D:2      | Found a runed door.
  1211 | D:2      | Found a faded altar of an unknown god.
  1948 | D:3      | Reached skill level 3 in Long Blades
  1948 | D:3      | Reached XP level 5. HP: 33/33 MP: 5/5
  2180 | D:3      | Noticed a hand axe
  2181 | D:3      | Found a hide-covered altar of Uskayaw.
  2181 | D:3      | Noticed a hand axe
  2607 | D:3      | Reached XP level 6. HP: 39/39 MP: 6/6
  3278 | D:4      | Reached skill level 4 in Long Blades
  3283 | D:4      | Got a faintly glowing amber ring
  3284 | D:4      | Identified the ring of Gociu {rF+ Str+3 Dex+3 SInv} (You found it on level 4 of the Dungeon)
  3523 | D:4      | Reached XP level 7. HP: 32/44 MP: 7/7
  3719 | D:4      | Reached skill level 5 in Shields
  3966 | D:4      | Found a basalt altar of Yredelemnul.
  4047 | D:4      | Reached skill level 5 in Fighting
  4324 | D:4      | Reached skill level 5 in Armour
  4486 | D:5      | Entered Level 5 of the Dungeon
  4619 | D:5      | Reached skill level 5 in Long Blades
  5492 | D:6      | Reached XP level 8. HP: 50/50 MP: 8/8
  5510 | D:6      | Found a sand-covered staircase.
  5519 | Ossuary  | Entered an ossuary
  6030 | D:6      | Noticed Duvessa
  6031 | D:6      | Noticed Dowan
  6047 | D:6      | Killed Duvessa
  6059 | D:6      | Killed Dowan
  6195 | D:6      | Reached skill level 6 in Long Blades
  6241 | D:6      | Noticed Blork the orc
  6254 | D:6      | Killed Blork the orc
  6407 | D:6      | Found a snail-covered altar of Cheibriados.
  6896 | D:7      | Noticed a hippogriff
  6904 | D:7      | Killed a hippogriff
  6904 | D:7      | Reached skill level 7 in Long Blades
  6904 | D:7      | Reached XP level 9. HP: 47/55 MP: 9/9
  6961 | D:7      | Found a bloodstained altar of Trog.
  6962 | D:7      | Found a shimmering altar of Xom.
  6964 | D:7      | Found a radiant altar of Vehumet.
  7029 | D:7      | Found a runed gate.
  7029 | D:7      | Found a runed gate.
  7029 | D:7      | Found a runed gate.
  7029 | D:7      | Noticed Bergy's ghost (novice GrFi)
  7051 | D:7      | Found a shimmering altar of Xom.
  7058 | D:7      | Found a staircase to the Ecumenical Temple.
  7070 | Temple   | Entered the Ecumenical Temple
  7326 | Temple   | Became a worshipper of the Shining One
  7697 | D:8      | Noticed Pikel
  7802 | D:7      | HP: 1/55 [wyvern (10)]
  7823 | D:7      | Reached skill level 1 in Invocations
  8125 | D:8      | Reached skill level 8 in Long Blades
  8129 | D:8      | Reached skill level 1 in Spellcasting
  8151 | D:8      | Learned a level 9 spell: Dragon's Call
  8272 | D:8      | Noticed a two-headed ogre
  8274 | D:8      | Reached skill level 1 in Summonings
  8783 | D:9      | Slain by a two-headed ogre

Vault maps used:
D:1:      ebering_trefoil_twist
D:2:      chequers_ecumenical_altar_island, uniq_crazy_yiuf_cottage
D:3:      dancing_weapons_uskayaw
D:4:      yredelemnul_forgotten_temple_becter, first_ration, kennysheep_nub
D:6:      kennysheep_mini_moat, chequers_ossuary_entry_cave, uniq_blork_the_orc,
          uniq_duvessa
D:7:      grunt_temple_overflow_open, minmay_temple_entry_trees, basic_altar,
          ebering_ghost_rock_garden
D:8:      minmay_flawed_box, nicolae_ru_awakened_eye, grunt_ogre_cave,
          uniq_pikel
D:9:      serial_shops, shop, shop_fountains
Temple:   regret_index_temple_generic_petals
Ossuary:  ossuary_tomb_3

Skill      XL: |  1  2  3  4  5  6  7  8  9 |
---------------+----------------------------+-----
Long Blades    | 2 3 4 5 7 8 |  8.1
Shields        | 4 5 6 |  6.0
Fighting       | 4 5 6 |  6.0
Armour         | 4 5 6 7 |  7.3
Invocations    | 1 |  1.8
Spellcasting   | 1 |  1.4
Summonings     | 1 |  1.3

Action                   |  1- 3 |  4- 6 |  7- 9 || total
-------------------------+-------+-------+-------++-------
Melee: Long sword        |   107 |   123 |       ||   230
       Falchion          |       |   151 |   430 ||   581
  Use: Scroll            |       |     3 |     5 ||     8
       Potion            |       |       |     5 ||     5
  Eat: Chunk             |     1 |     8 |    13 ||    22
       Ration            |       |       |     2 ||     2
Armor: Scale mail        |    76 |    79 |       ||   155
       Chain mail        |       |    46 |   273 ||   319
Dodge: Dodged            |    31 |    76 |   103 ||   210
Block: Shield            |    65 |   117 |   269 ||   451
       Rpst.: Long sword |    16 |    14 |       ||    30
       Falchion          |       |    14 |    20 ||    34

Table legend:
 A = Spawn XP
 B = Non-spawn XP
 C = Spawn XP percentage of total XP
 D = Spawn monster count
 E = Non-spawn monster count
 F = Spawn count percentage of total count
 G = Total turns spent on level
                    A         B        C        D         E        F      G
               +---------+---------+-------+---------+---------+-------+---------
         Total |       0 |    3779 |   0.0 |       0 |     190 |   0.0 |  8783
               +---------+---------+-------+---------+---------+-------+---------
           D:1 |       0 |      53 |   0.0 |       0 |      27 |   0.0 |   904
           D:2 |       0 |      78 |   0.0 |       0 |      18 |   0.0 |   906
           D:3 |       0 |     250 |   0.0 |       0 |      39 |   0.0 |  1266
           D:4 |       0 |     543 |   0.0 |       0 |      31 |   0.0 |  1583
           D:5 |       0 |     259 |   0.0 |       0 |      12 |   0.0 |   822
           D:6 |       0 |     923 |   0.0 |       0 |      16 |   0.0 |   976
           D:7 |       0 |    1031 |   0.0 |       0 |      16 |   0.0 |   877
           D:8 |       0 |     390 |   0.0 |       0 |      12 |   0.0 |   228
           D:9 |       0 |     102 |   0.0 |       0 |       3 |   0.0 |   486
       Ossuary |       0 |     150 |   0.0 |       0 |      16 |   0.0 |   439
               +---------+---------+-------+---------+---------+-------+---------
